Map: Dusk Towers

Players

LilDicky - Winner!

  • Race: Terran Terran
  • League: Diamond

JaCObO

  • Race: Terran Terran
  • League: Diamond

VOD

http://www.twitch.tv/tumescentpie

Description

Time

  • Played on: Nov. 25, 2015, 10:20 p.m.
  • Length: 14:19
Show
View Real Time Build Order
Export as new Build Order

LilDicky Terran - Winner!

Build Orders: Bio Tank, Banshee Rush 

Get SALT Encoding   

  12  0:01  SCV  
  13  0:13  SCV  
  14  0:17  Supply Depot  
  14  0:25  SCV  
  15  0:39  SCV  
  16  0:43  Barracks  
  16  0:48  Refinery  
  16  0:51  SCV  
  17  1:03  SCV  
  18  1:07  Refinery  
  18  1:15  SCV  
  19  1:28  SCV  
  19  1:30  Marine  
  21  1:33  Supply Depot  
  21  1:40  Orbital Command  
  21  1:48  Marine  
  22  1:58  Factory  
  22  2:06  SCV, Marine  
  24  2:18  SCV  
  24  2:22  Supply Depot  
  25  2:24  Marine  
  26  2:36  SCV  
  27  2:41  Factory Tech Lab  
  27  2:44  Starport  
  27  2:48  SCV  
  28  2:59  Marine  
  28  3:00  SCV  
  30  3:11  Command Center  
  30  3:12  SCV  
  30  3:17  Marine  
  30  3:18  Supply Depot, Widow Mine  
  34  3:30  Banshee, Cloaking Field  
  37  3:35  SCV  
  37  3:36  Marine  
  39  3:47  SCV  
  40  3:50  Widow Mine  
  40  3:51  Engineering Bay  
  42  3:59  SCV  
  42  4:02  Marine  
  44  4:10  Supply Depot  
  44  4:11  SCV  
  45  4:23  SCV  
  44  4:32  Banshee, Marine  
  44  4:34  Factory Tech Lab  
  44  4:36  Orbital Command  
  48  4:41  Missile Turret  
  48  4:45  SCV  
  48  4:46  Missile Turret  
  48  4:49  Supply Depot  
  48  4:50  Marine  
  50  4:58  SCV  
  48  5:08  Siege Tank  
  48  5:12  SCV x2  
  53  5:23  Starport Reactor  
  53  5:24  SCV  
  53  5:27  SCV  
  55  5:29  Supply Depot  
  55  5:31  Marine  
  55  5:33  Stimpack  
  56  5:36  Command Center  
  56  5:41  SCV  
  56  5:42  SCV, Supply Depot  
  58  5:43  Siege Tank  
  61  5:54  SCV  
  62  6:10  SCV  
  63  6:18  SCV  
  64  6:20  Viking x2  
  64  6:21  Siege Tank  
  64  6:22  SCV  
  72  6:30  SCV  
  73  6:33  Marine  
  73  6:38  Terran Infantry Weapons Level 1  
  71  6:40  Barracks x2  
  71  6:42  SCV, Barracks  
  71  6:43  SCV  
  71  6:44  Supply Depot, Barracks  
  71  6:45  Barracks  
  73  6:51  Marine  
  73  6:53  Supply Depot  
  74  6:59  Viking x2  
  74  7:00  Siege Tank  
  81  7:02  SCV  
  81  7:04  SCV  
  81  7:06  Missile Turret  
  83  7:09  Marine  
  83  7:14  SCV  
  85  7:16  SCV  
  85  7:21  Refinery  
  85  7:22  Refinery  
  86  7:24  Orbital Command  
  86  7:27  SCV  
  86  7:28  SCV  
  88  7:32  Viking  
  88  7:33  Refinery  
  88  7:35  Medivac  
  92  7:38  Refinery  
  92  7:39  Siege Tank  
  92  7:43  Barracks Tech Lab  
  92  7:44  Barracks Reactor  
  95  7:48  Marine x3  
  95  7:50  SCV x2  
  100  7:59  Supply Depot  
  100  8:00  SCV  
  100  8:01  Missile Turret, Marine  
  100  8:02  Combat Shields  
  100  8:03  Marine  
  100  8:04  SCV x2  
  105  8:06  Marine  
  105  8:11  Siege Tank  
  105  8:12  SCV  
  110  8:19  SCV, Marauder  
  114  8:20  SCV  
  114  8:21  Marauder  
  114  8:22  Missile Turret  
  114  8:24  SCV  
  117  8:31  SCV  
  118  8:39  Marine x2  
  118  8:40  Barracks Reactor  
  118  8:41  Barracks Reactor, Barracks Tech Lab  
  120  8:42  Marine x2  
  120  8:43  SCV  
  120  8:45  Siege Tank  
  120  8:46  Viking, Medivac  
  120  8:47  SCV x2  
  132  8:52  Starport  
  132  8:55  SCV  
  133  8:57  Command Center  
  133  9:02  Marine  
  133  9:03  SCV, Marauder x2  
  133  9:05  Supply Depot  
  133  9:06  Terran Infantry Armor Level 1, Supply Depot  
  139  9:10  Armory  
  139  9:12  Engineering Bay  
  139  9:14  Marine x2  
  141  9:25  SCV  
  141  9:26  Marauder x2  
  133  9:36  Marine x2  
  133  9:37  Viking, Marauder  
  135  9:40  Marine  
  135  9:44  Marine  
  135  9:45  Marine x2  
  135  9:47  Marauder  
  135  9:48  Siege Tank, Marauder  
  142  9:55  Marine x2  
  124  10:17  Marine x3  
  124  10:18  Marauder  
  124  10:20  Marine x3  
  101  10:21  Marauder  
  98  10:31  Marine  
  98  10:34  Marine  
  96  10:36  Marine x2  
  96  10:38  Marine  
  96  10:39  Marauder  
  96  10:42  Orbital Command  
  99  10:43  Marauder  
  99  10:44  SCV, Marine x2  
  99  10:49  Marauder  
  104  10:50  Orbital Command, Starport Reactor  
  104  10:54  SCV  
  104  10:56  SCV, Starport  
  106  10:58  Marine x2  
  106  11:00  Marauder  
  106  11:01  Marine x2  
  114  11:04  Marauder  
  114  11:06  SCV  
  114  11:08  SCV  
  116  11:12  Medivac  
  116  11:14  Marine x2  
  116  11:15  Marauder  
  116  11:18  Supply Depot  
  122  11:20  SCV x2  
  122  11:21  Orbital Command  
  122  11:24  Factory Tech Lab  
  124  11:27  Marine x2  
  124  11:28  SCV, Marauder x2  
  124  11:32  SCV, Marine x2  
  134  11:37  Marauder  
  131  11:49  Marauder x2  
  131  11:53  SCV, Marine  
  132  11:54  Medivac x2  
  132  11:55  Medivac  
  132  11:58  Marine x2, Marauder  
  142  12:10  Marauder  
  142  12:11  Marauder  
  146  12:19  Marauder, Marine x2  
  150  12:25  Marine  
  150  12:29  Marine x2  
  153  12:32  Marauder x2  
  153  12:33  Marine  
  158  12:41  Marauder  
  158  12:42  Marine x2  
  139  12:48  Marine  
  139  12:50  Marine  
  128  12:52  Marine x2  
  128  12:53  Marauder x2  
  131  13:00  SCV x2, Marine x2  
  131  13:02  SCV x2, Marauder  
  139  13:06  Marine  
  139  13:08  Marine  
  139  13:09  Viking x3, Marine  
  139  13:12  SCV x2  
  150  13:13  Starport Reactor  
  150  13:14  SCV x2  
  150  13:15  Marauder x2  
  156  13:24  Marauder  
  156  13:26  Marine  
  159  13:27  Marine  
  159  13:30  Refinery  
  160  13:36  Marauder x2  
  160  13:37  Command Center  
  160  13:39  Viking, Marine  
  167  13:45  Marauder  
  155  13:57  Marauder  
  155  13:58  Marauder  
Show
View Real Time Build Order
Export as new Build Order

JaCObO Terran 

Build Orders: 1/1/1, Bio Tank, MMM Bio 

Get SALT Encoding   

  12  0:00  SCV  
  13  0:13  SCV  
  14  0:17  Supply Depot  
  14  0:25  SCV  
  15  0:31  Refinery  
  15  0:39  SCV  
  16  0:45  Barracks  
  16  0:51  SCV  
  17  1:03  SCV  
  18  1:15  SCV  
  19  1:27  SCV  
  20  1:40  Factory  
  20  1:44  Orbital Command  
  20  1:45  Marine  
  21  1:52  Supply Depot  
  21  2:03  Marine  
  22  2:16  SCV  
  22  2:21  Marine  
  24  2:24  Hellion  
  24  2:25  Starport  
  24  2:26  Supply Depot  
  24  2:29  SCV  
  27  2:39  Marine  
  28  2:53  Hellion  
  30  2:59  Command Center, Marine  
  30  3:05  Medivac  
  33  3:15  Supply Depot  
  33  3:16  Hellion  
  33  3:18  Marine  
  36  3:26  Engineering Bay  
  36  3:34  SCV  
  37  3:47  SCV  
  37  3:48  Factory Tech Lab  
  38  3:51  Refinery  
  38  3:52  Missile Turret  
  38  3:53  Marine  
  38  3:55  Viking  
  41  4:11  Marine  
  34  4:28  SCV  
  34  4:31  Orbital Command  
  33  4:32  Marine  
  33  4:34  Siege Tank  
  37  4:40  Missile Turret  
  37  4:42  SCV, Barracks  
  38  4:52  Marine  
  39  4:54  SCV  
  39  5:08  Siege Tank  
  42  5:15  Barracks  
  42  5:16  Barracks, Missile Turret  
  42  5:21  SCV x2  
  44  5:28  Starport Reactor  
  44  5:33  SCV  
  44  5:35  Barracks Tech Lab  
  45  5:37  SCV  
  46  5:44  Barracks Reactor  
  46  5:45  SCV  
  47  5:50  SCV  
  47  5:51  Terran Infantry Weapons Level 1  
  47  5:53  Refinery  
  47  5:56  Refinery  
  48  6:11  Marine x2  
  48  6:12  Viking  
  48  6:14  SCV  
  53  6:19  Marine x2  
  55  6:25  Supply Depot  
  55  6:32  Missile Turret  
  55  6:39  Supply Depot  
  55  6:41  Supply Depot  
  55  6:44  Supply Depot  
  55  6:46  Supply Depot  
  55  6:47  SCV, Siege Tank  
  55  6:50  Barracks Reactor  
  61  6:56  Stimpack  
  61  7:00  Medivac  
  61  7:02  SCV x2  
  63  7:10  Missile Turret  
  63  7:11  Marine x2  
  65  7:17  Marine  
  66  7:28  Marine x2  
  66  7:29  Marine x2  
  71  7:39  SCV  
  72  7:44  Supply Depot, SCV  
  72  7:46  Marine  
  73  7:51  SCV  
  73  7:53  Marine x4  
  78  8:00  Terran Infantry Armor Level 1  
  78  8:02  Supply Depot  
  78  8:04  Marine  
  79  8:10  Marine, Medivac x2  
  79  8:11  Marine x2  
  86  8:16  Marine  
  86  8:19  Siege Tank  
  88  8:40  Medivac  
  90  8:44  Marine x2, Medivac  
  90  8:45  Marine  
  95  8:49  Command Center  
  95  8:50  Marine  
  95  8:51  Siege Tank, Marine  
  100  8:56  Combat Shields  
  100  9:01  Barracks  
  100  9:04  Barracks  
  100  9:10  Medivac  
  100  9:11  Marine x3  
  100  9:12  Marauder  
  107  9:21  Marine  
  106  9:29  Marine  
  105  9:33  Marauder  
  105  9:36  Marine x2  
  105  9:40  Marine  
  105  9:47  Marine  
  103  9:55  Marine x2  
  103  9:56  Marauder  
  99  10:14  Marine x2  
  99  10:19  Marine  
  97  10:24  Marine x2  
  63  10:42  Marauder  
  63  10:46  Marine x5  
  63  10:47  Siege Tank  
  63  10:48  Orbital Command  
  63  10:49  SCV  
  69  10:54  Marine  
  70  10:57  Engineering Bay  
  70  11:00  Armory  
  70  11:01  SCV  
  70  11:04  Marauder, Marine  
  74  11:05  Medivac  
  76  11:19  Siege Tank  
  76  11:22  SCV  
  76  11:23  SCV  
  81  11:29  Medivac  
  81  11:30  Armory  
  81  11:32  Marine x2  
  83  11:33  Marauder, Marine  
  83  11:35  Marine, Medivac  
  83  11:37  Marine  
  92  11:46  Marine  
  93  11:51  Siege Tank  
  93  11:53  Marine x3  
  96  12:04  Marine x2  
  87  12:16  Marine x4  
  87  12:17  Marauder  
  87  12:19  Medivac x2  
  95  12:23  Siege Tank  
  98  12:30  Supply Depot  
  98  12:35  Marine x5  
  103  12:38  Marauder  
  103  12:43  Marine  
  72  12:52  Marine  
  72  12:57  Marine x2  
  72  12:58  Marine x2  
  70  12:59  SCV x2  
  70  13:00  Marauder  
  70  13:01  Marine  
  75  13:07  Siege Tank  
  75  13:10  Marine  
  79  13:15  Marine x4  
  79  13:19  Marine  
  84  13:21  Marine  
  84  13:24  SCV  
  86  13:28  Marine  
  87  13:34  Marine x4  
  87  13:37  Marine  
  87  13:39  Marauder  
  94  13:46  Marine  
  86  13:52  Marine x3  
  79  13:56  Marine x2  
Tags
 
Add a new tag
Caveats
  • Supply blocks, unpowered buildings, or Contaminate may cause inaccurate times.
  • Supply counts are checked every 10 seconds.